 Dungeon Crawl Stone Soup version 0.29-a0-409-gd843f3a48c (webtiles) character file.

Game seed: 17786960272506963297

28 thiscave3701365 the Ruffian (level 3, 28/28 HPs)
             Began as a Draconian Transmuter on May 12, 2022.
             Quit the game on level 2 of the Dungeon on May 13, 2022.
             The game lasted 00:01:20 (1864 turns).

thiscave3701365 the Ruffian (Draconian Transmuter)  Turns: 1864, Time: 00:01:21

Health: 28/28      AC:  5    Str: 14    XL:     3   Next: 0%
Magic:  15/15      EV: 12    Int: 13    God:
Gold:   52         SH:  0    Dex: 11    Spells: 5/6 levels left

rFire   . . .      SeeInvis +     - Unarmed
rCold   . . .      Faith    .   (no shield)
rNeg    . . .      Spirit   .   (body armour unavailable)
rPois   .          Reflect  .   (helmet restricted)
rElec   .          Harm     .   (no cloak)
rCorr   .          Rampage  .   (no gloves)
Will    .....                   (no boots)
Stlth   +.........              (no amulet)
HPRegen 0.09/turn               c - ring of see invisible
MPRegen 0.14/turn               b - ring of magical power

@: no status effects
A: AC +5, unfitting armour, cold-blooded
a: no special abilities


You were on level 2 of the Dungeon.
You visited 1 branch of the dungeon, and saw 2 of its levels.

You collected 52 gold pieces.

Inventory:

Jewellery
 b - a ring of magical power (right hand)
 c - a ring of see invisible (left hand)
 d - a ring of protection from cold
 h - an amulet of the acrobat
Scrolls
 e - a scroll of teleportation {unknown}
 f - a scroll of fog {unknown}
Potions
 a - a potion of lignification
 g - a potion of ambrosia {unknown}


   Skills:
 - Level 1.1 Fighting
 - Level 1.7 Dodging
 + Level 4.1 Unarmed Combat
 - Level 2.0 Spellcasting
 - Level 2.0 Transmutations


You had 5 spell levels left.
You knew the following spells:

 Your Spells              Type           Power      Damage    Failure   Level
a - Beastly Appendage     Tmut           12%        N/A       11%         1

Your spell library contained the following spells:

 Spells                   Type           Power      Damage    Failure   Level
 Wereblood                Tmut           6%         N/A       17%         2
 Spider Form              Tmut/Pois      3%         N/A       45%         3
 Ice Form                 Ice/Tmut       3%         N/A       86%         4


Dungeon Overview and Level Annotations

Branches:
Dungeon (2/15)

Altars:

Shops:
D:1 ?


Innate Abilities, Weirdness & Mutations

Your plain brown scales are hard. (AC +5)
You cannot fit into any form of body armour.
You are cold-blooded and may be slowed by cold attacks.


Message History

g - a lumpy puce potion No target in view!
Unknown command.
A hobgoblin comes into view.
The hobgoblin shouts!
A hobgoblin is nearby!
A hobgoblin is nearby!
Unknown command.
A hobgoblin is nearby!
You punch the hobgoblin!
You kill the hobgoblin!
h - an amulet of the acrobat Unknown command.
Key pressed, stopping explore.
No target in view!
Unknown command.
Found a dagger.
No target in view!
A kobold comes into view. It is wielding a +0 short sword.
The kobold shouts!
The kobold hits you but does no damage.
Unknown command.
A kobold is nearby!
You hit the kobold.
You kill the kobold!
You have reached level 3!
Your experience leads to an increase in your attributes!
Increase (S)trength, (I)ntelligence, or (D)exterity?
You feel stronger. x2; Your scales feel tougher.
Things that are here:
a +0 short sword; a kobold corpse No target in view!
Key pressed, stopping explore.
Unknown command.
No target in view!
You see here 26 stones.
A worm comes into view.
Found a scroll labelled YNYUL YRUETISU.
A worm is nearby!
Are you sure you want to abandon this character and quit the game? (Confirm with "yes".)

####..#...#...#.. .
#...###...#.#. #.
##..#..#..#...#
.#####..#...###.....
?.........#..#.....
...###...#...#..... ##.#
#......#.#...#
..##.##.###....†#...#.#.
#..w...@.(..............
#.##.##.##..............
#.################ ..#
####


You could see a worm.

Vanquished Creatures
  3 bats
  3 endoplasms
  2 giant cockroaches
  3 hobgoblins
  A quokka (D:1)
  5 ball pythons
  3 frilled lizards (D:1)
  2 kobolds (D:2)
  7 rats
29 creatures vanquished.

Notes
Turn   | Place    | Note
-------+----------+-------------------------------------------
     0 | D:1      | thiscave3701365 the Draconian Transmuter began the quest
                  | for the Orb.
     0 | D:1      | Reached XP level 1. HP: 16/16 MP: 3/3
   826 | D:1      | Reached XP level 2. HP: 23/23 MP: 5/5
  1265 | D:1      | Found Vanihog's Magic Scroll Shop.
  1349 | D:1      | Upgraded the game from 0.29-a0-398-ge13fd1374b to
                  | 0.29-a0-409-gd843f3a48c
  1453 | D:2      | Reached skill level 4 in Unarmed Combat
  1807 | D:2      | Reached XP level 3. HP: 28/28 MP: 6/6
  1864 | D:2      | Quit the game

Illustrated notes

Levels and vault maps discovered:
D:1:      roderic_dead_forest, layout_rooms, serial_shops, shop,
          grunt_decor_resistance
D:2:      layout_loops_ring, shapermc_ecumenical_altar_pompeii,
          minmay_splitting_lines, st_stairs_13

Skill      XL: |  1  2 |
---------------+-------+-----
Unarmed Combat | 4 |  4.1
Fighting       | |  1.1
Dodging        | |  1.7
Spellcasting   | |  2.0
Transmutations | |  2.0

Action                   || total
-------------------------++-------
Melee: Unarmed           ||    77
       Tailslap          ||     9
       Kick              ||     2
       Headbutt          ||     1
 Cast: Beastly Appendage ||     1
 Stab: Sleeping          ||     2
Armor: Skin              ||    24
Dodge: Dodged            ||    48

Table legend: (Time is in decaauts)
 A = Elapsed time spent in this place.
 B = Non-inter-level travel time spent in this place.
 C = Inter-level travel time spent in this place.
 D = Time resting spent in this place.
 E = Time spent auto-exploring this place.
 F = Levels seen in this place.
 G = Mean time per level.
                   A        B        C        D        E       F      G
               +--------+--------+--------+--------+--------+-----+--------+
         Total |   1860 |   1811 |     49 |    594 |   1041 |   2 |  930.0 |
       Dungeon |   1860 |   1811 |     49 |    594 |   1041 |   2 |  930.0 |
               +--------+--------+--------+--------+--------+-----+--------+

Top non-repeatable levels by time:
     D:1: 1396 daAuts
     D:2: 464 daAuts
